 Dungeon Crawl Stone Soup version 0.27.1-3-gb3d3a73c9e (webtiles) character file.

Game seed: 482114452525024173

227 Urokeeper the Quickloader (level 6, 0/35 HPs)
             Began as a Kobold Hunter on Oct 13, 2021.
             Slain by Jessica (5 damage)
             ... on level 3 of the Dungeon.
             The game lasted 00:07:19 (2733 turns).

Urokeeper the Quickloader (Kobold Hunter)           Turns: 2733, Time: 00:07:20

Health: 0/35       AC:  4    Str: 11    XL:     6   Next: 22%
Magic:  6/6        EV: 14    Int: 12    God:
Gold:   72         SH:  0    Dex: 16    Spells: 5/5 levels left

rFire    . . .     SeeInvis .   k - +0 trident
rCold    . . .     Faith    +   (shield currently unavailable)
rNeg     . . .     Spirit   .   c - +0 leather armour
rPois    .         Reflect  .   (no helmet)
rElec    .         Harm     .   i - +0 cloak
rCorr    .         Rampage  .   (no gloves)
Will     .....                  (no boots)
Stlth    +++.......             e - amulet of faith
HPRegen  0.11/turn              (no ring)
MPRegen  0.10/turn              (no ring)

@: no status effects
A: small, no large weapons, nightstalker 3
a: no special abilities


You were on level 3 of the Dungeon.
You visited 1 branch of the dungeon, and saw 3 of its levels.

You collected 72 gold pieces.

Inventory:

Hand Weapons
 a - a +1 hand crossbow
 b - a +0 short sword
 k - a +0 trident (weapon)
Missiles
 d - 30 bolts
Armour
 c - a +0 leather armour (worn)
 i - a +0 cloak (worn)
Jewellery
 e - an amulet of faith (around neck)
Wands
 j - a wand of polymorph (9)
 l - a wand of charming (11)
Scrolls
 g - a scroll of fog
Potions
 f - a potion of lignification
 h - 2 potions of attraction {unknown}


   Skills:
 - Level 2.1 Fighting
 + Level 8.5 Crossbows
 - Level 2.4 Dodging
 - Level 1.3 Stealth


You had 5 spell levels left.
You didn't know any spells.
Your spell library was empty.

Dungeon Overview and Level Annotations

Branches:
Dungeon (3/15)

Altars:
Cheibriados

Shops:
D:1 [   D:2 [

Annotations:
D:3 Jessica


Innate Abilities, Weirdness & Mutations

You are small and have problems with some larger weapons.
You are completely attuned to the shadows.


Message History

You kill the orc!
You shoot a bolt. The bolt hits the orc wizard!
You kill the orc wizard!
You shoot a bolt. The bolt hits the orc.
You kill the orc!
Things that are here:
a +0 dagger; a +0 robe
d - 31 bolts (gained 3)
Items here: ))) [[ †.
Fire: 31 bolts
Press: ? - help, Q - select action, (/) - cycle Shift-Dir - straight line, f - Jessica
Aim: Jessica, wielding a +2 club and wearing a +0 robe (wandering, hasn't noticed you, 69% to hit)
You shoot a bolt.
The bolt hits Jessica but does no damage.
Jessica drinks a potion.
Jessica flickers and vanishes!
Deactivating autopickup; reactivate with Ctrl-A.
Things that are here:
a +0 dagger; a +0 robe
k - a +0 trident (weapon)
No target in view!
No target in view!
Something tries to affect you, but you resist.
Things that are here:
a +0 dagger; a +0 robe You hit something.
Something hits you. x2
You closely miss something.
You hear some strange, mumbled words.
Pain shoots through your body!
You hit something but do no damage. Something hits you.
You hit something. Something hits you but does no damage. Something hits you!
* * * LOW HITPOINT WARNING * * *
You miss something. Something hits you.
* * * LOW HITPOINT WARNING * * *
You closely miss something. Something hits you but does no damage.
You miss something.
You hear some strange, mumbled words.
Something hits you.
* * * LOW HITPOINT WARNING * * *
You closely miss something. Something hits you.
You die...

#)# #)#
#.#
########.#
#......).#
#.########
#.# #.#
#@# #{#
{..).#
#####
..####
####).)# (
.....))#
####...#
####.##
.....#
####.###


There were no monsters in sight!

Vanquished Creatures
  3 orc wizards (D:3)
  4 gnolls (D:2)
  3 adders
  A worm (D:3)
  20 orcs (D:3)
  3 ball pythons
  5 endoplasms
  A giant cockroach (D:2)
  5 goblins
  8 hobgoblins
  A quokka (D:1)
  4 bats
  3 frilled lizards
  7 rats
68 creatures vanquished.

Notes
Turn   | Place    | Note
-------+----------+-------------------------------------------
     0 | D:1      | Urokeeper the Kobold Hunter began the quest for the Orb.
     0 | D:1      | Reached XP level 1. HP: 12/12 MP: 1/1
    63 | D:1      | Reached skill level 5 in Crossbows
   222 | D:1      | Found Mobos's Antique Armour Shoppe.
   271 | D:1      | Reached XP level 2. HP: 17/17 MP: 2/2
   916 | D:2      | Reached XP level 3. HP: 21/21 MP: 3/3
   924 | D:2      | Found a snail-covered altar of Cheibriados.
   939 | D:2      | Reached skill level 6 in Crossbows
   948 | D:2      | Reached XP level 4. HP: 20/26 MP: 4/4
  1036 | D:2      | Found Buukhev's Antique Armour Shoppe.
  1488 | D:2      | Reached skill level 7 in Crossbows
  1631 | D:2      | You fall into a shaft and drop 1 floor!
  1641 | D:3      | Reached XP level 5. HP: 5/30 MP: 5/5
  2668 | D:3      | Reached skill level 8 in Crossbows
  2689 | D:3      | Noticed Jessica
  2698 | D:3      | Reached XP level 6. HP: 35/35 MP: 6/6
  2733 | D:3      | Slain by Jessica

Illustrated notes

Levels and vault maps discovered:
D:1:      sevenhm_arrival_forest_fort_small_4, layout_loops_ring, serial_shops,
          shop, hangedman_abyss_or_decor_lesser_grid, chequers_jeans
D:2:      layout_basic, serial_shops, nicolae_shop_waterfront, basic_altar
D:3:      layout_loops_ring, chequers_mini_garden, uniq_jessica

Skill      XL: |  1  2  3  4  5 |
---------------+----------------+-----
Crossbows      | 5 6 7 8 |  8.5
Fighting       | |  2.1
Dodging        | |  2.4
Stealth        | |  1.3

Action                   |  1- 3 |  4- 6 || total
-------------------------+-------+-------++-------
Melee: Trident           |       |     8 ||     8
 Fire: Hand crossbow     |    41 |    97 ||   138
  Use: Scroll            |       |     2 ||     2
Armor: Leather armour    |     3 |     6 ||     9
Dodge: Dodged            |    10 |    19 ||    29
